 Dungeon Crawl Stone Soup version 0.26-a0-455-g0958c023ba (webtiles) character file.

Game seed: 16912423247944654645

54 tilp the Sneak (level 3, -2/17 HPs)
             Began as a Felid Delver on July 28, 2020.
             Was an Initiate of Gozag.
             Slain by a worm (11 damage)
             ... on level 2 of the Dungeon.
             The game lasted 00:08:22 (3451 turns).

tilp the Sneak (Felid Delver)                       Turns: 3451, Time: 00:08:22

Health: -2/17      AC:  1    Str:  8    XL:     3   Next: 66%
Magic:  4/4        EV: 19    Int: 12    God:    Gozag
Gold:   341        SH:  0    Dex: 17    Spells: 2/2 levels left
                                        Lives:  0   Deaths: 0

rFire    . . .     SeeInvis +     - Unarmed
rCold    . . .     Faith    .   (shield unavailable)
rNeg     . . .     Spirit   .   (armour unavailable)
rPois    .         Reflect  .   (helmet unavailable)
rElec    .         Harm     .   (cloak unavailable)
rCorr    .                      (gloves unavailable)
MR       .....                  (boots unavailable)
Stlth    +++++.....             (no amulet)
HPRegen  0.05/turn              j - ring of stealth
MPRegen  0.09/turn              (no ring)

@: quick
A: very small, no armour, no weapons or thrown items, stealth, claws 1, fangs 3,
see invisible, speed 1, shaggy fur 1, sharp paws
a: Potion Petition, Call Merchant, Bribe Branch, Renounce Religion


You were on level 2 of the Dungeon.
You worshipped Gozag.
Gozag was aware of your devotion.
You visited 1 branch of the dungeon, and saw 5 of its levels.

You collected 363 gold pieces.
You paid 22 gold pieces to Gozag.

Inventory:

Jewellery
 j - a ring of stealth (left paw)
 m - an uncursed amulet of guardian spirit {unknown}
 q - an uncursed amulet of the acrobat {unknown}
Wands
 e - a wand of digging (2)
Scrolls
 a - a scroll of fog
 b - a scroll of teleportation
 c - 3 scrolls of fear
 h - a scroll of enchant armour {unknown}
 i - a scroll of remove curse
 l - a scroll of magic mapping
 n - a scroll of noise {unknown}
 o - a scroll of identify {unknown}
Potions
 d - a potion of haste
 f - 4 potions of heal wounds {unknown}
 g - a potion of stabbing {unknown}
 k - a potion of curing {unknown}
 p - a potion of mutation {unknown}


   Skills:
 + Level 3.4 Fighting
 * Level 4.3 Dodging
 + Level 7.1 Stealth
 - Level 2.0 Unarmed Combat


You had 2 spell levels left.
You didn't know any spells.
Your spell library contained the following spells:

 Spells                   Type           Power        Failure   Level
 Beastly Appendage        Tmut           #.....       32%         1
 Wereblood                Tmut           #.......     45%         2
 Spider Form              Tmut/Pois      #.........   69%         3
 Ice Form                 Ice/Tmut       #.......     97%         4
 Blade Hands              Tmut           #.........   100%        5


Dungeon Overview and Level Annotations

Branches:
Dungeon (5/15)
 Temple: D:4-7

Altars:
Fedhas
Gozag


Innate Abilities, Weirdness & Mutations

You cannot wear armour.
You are incapable of wielding weapons or throwing items.
Your paws allow you to move quietly. (Stealth)
You have sharp claws.
You have razor-sharp teeth.
You have supernaturally acute eyesight. (SInv)
You cover ground quickly.
You are covered in fur. (AC +1)
Your sharp claws are effective at attacking unaware monsters.


Message History

You start waiting.
Done waiting.
A worm is nearby!
Unknown command.
You scratch the worm.
The worm is moderately wounded.
You scratch the worm.
The worm is heavily wounded.
The worm closely misses you.
You scratch the worm. You bite the worm.
The worm is severely wounded.
You barely miss the worm.
The worm is severely wounded.
The worm bites you!
You barely miss the worm.
The worm is severely wounded.
The worm bites you!
Ouch! That really hurt!
You die...
Your body crumbles into a pile of gold.

#.........# ######## #..######.#
###..(...# #.......#.#
#........####.##..#.#.#
#.............#.......#
###........####.#.###.###
#.............#.#.# #.# #######
#.#...#..##.#.#.#.# #.# #......
##.....#..##.#.#@#.# #.# #.####.
...≈≈≈..........w..# #.# #.# #.
.≈≈≈≈≈≈≈..#........# #.# #.# #.
≈≈≈≈≈≈≈≈≈..........# #.####.# #.
≈≈≈≈≈≈≈≈≈≈.###'#.#.###......####.
≈≈≈P.P≈≈≈≈.....#.#...............
≈≈P..PP≈≈≈≈..###...##############
≈≈<♣_P>≈≈≈≈..#...#.#
≈≈....P≈≈≈≈..#.#.#.#


You could see a worm.

Vanquished Creatures
  An adder (D:2)
  An adder skeleton (D:4)
  2 worms (D:3)
  4 bats
  A giant cockroach (D:1)
  4 goblins
  2 hobgoblins (D:1)
  6 jackals
  A quokka (D:2)
  7 frilled lizards
  4 kobolds (D:1)
  5 rats
38 creatures vanquished.

Notes
Turn   | Place    | Note
-------+----------+-------------------------------------------
     0 | D:5      | tilp the Felid Delver began the quest for the Orb.
     0 | D:5      | Reached XP level 1. HP: 10/10 MP: 2/2
    41 | D:4      | Found an opulent altar of Gozag.
   385 | D:4      | Became a worshipper of Gozag Ym Sagoz the Greedy
   880 | D:3      | Reached XP level 2. HP: 14/14 MP: 3/3
  1769 | D:1      | Reached XP level 3. HP: 14/17 MP: 4/4
  1885 | D:1      | Reached skill level 7 in Stealth
  2658 | D:2      | Found a blossoming altar of Fedhas.
  3451 | D:2      | Slain by a worm

Illustrated notes

Levels and vault maps discovered:
D:1:      nicolae_arrival_somewhat_less_tricky_arrival, layout_rooms,
          serial_bayou_crossing
D:2:      layout_basic, fedhas_ov_isle_minmay
D:3:      layout_basic, nicolae_overflow_crystal_walls, minmay_close_crescents
D:4:      layout_gridville, nicolae_gozag_cash_rules_everything_around_me
D:5:      layout_loops_ring, makhleb_blood_cavern_becter,
          kennysheep_generic_room_13, uniq_sigmund

Skill      XL: |  1  2  3 |
---------------+----------+-----
Dodging        | 3 4 |  4.3
Stealth        | 7 |  7.1
Fighting       | |  3.4
Unarmed Combat | |  2.0

Action                   || total
-------------------------++-------
Melee: Unarmed           ||   128
       Bite              ||     7
       Punch             ||     1
Evoke: Wand              ||     1
  Use: Scroll            ||     3
 Stab: Sleeping          ||    10
Armor: Skin              ||     3
Dodge: Dodged            ||   100

Table legend: (Time is in decaauts)
 A = Elapsed time spent in this place.
 B = Non-inter-level travel time spent in this place.
 C = Inter-level travel time spent in this place.
 D = Time resting spent in this place.
 E = Time spent auto-exploring this place.
 F = Levels seen in this place.
 G = Mean time per level.
                   A        B        C        D        E       F      G
               +--------+--------+--------+--------+--------+-----+--------+
         Total |   3066 |   2841 |    225 |   1247 |    545 |   5 |  613.2 |
       Dungeon |   3066 |   2841 |    225 |   1247 |    545 |   5 |  613.2 |
               +--------+--------+--------+--------+--------+-----+--------+

Top non-repeatable levels by time:
     D:2: 1347 daAuts
     D:1: 918 daAuts
     D:4: 720 daAuts
     D:3: 75 daAuts
     D:5: 4 daAuts
